 Dungeon Sprint DCSS version 0.27-a0-1181-g5f64966fcc (webtiles) character file.

Game seed: 18136480795703809910

3000000 howech the Axe Maniac (level 23, -1/153 HPs)
             Began as a Spriggan Monk on May 17, 2021.
             Was the Champion of Makhleb.
             Slain by a destroyer
             ... wielding a +9 vorpal great sword
              (154 damage)
             ... in the Dungeon (Sprint VIII: "Arena of Blood").
             The game lasted 00:01:56 (30 turns).

howech the Axe Maniac (Spriggan Monk)                 Turns: 30, Time: 00:01:57

Health: -1/153     AC:  4    Str:  7    XL:     23   Next: 11%
Magic:  20/55      EV: 53    Int: 11    God:    Makhleb [******]
Gold:   0          SH:  0    Dex: 28    Spells: 76/76 levels left

rFire    . . .     SeeInvis +   i - +∞ Axe of Woe
rCold    . . .     Faith    .   (shield currently unavailable)
rNeg     . . .     Spirit   .   b - +0 robe
rPois    .         Reflect  .   (helmet restricted)
rElec    .         Harm     .   (no cloak)
rCorr    .         Rampage  .   (gloves unavailable)
Will     ++++.     NoTele   +   (boots unavailable)
Stlth    ++++++++++             (no amulet)
HPRegen  0.35/turn              (no ring)
MPRegen  0.34/turn              (no ring)

@: very quick
A: very small, no large weapons, unfitting armour, see invisible, speed 3
a: Renounce Religion, Minor Destruction, Lesser Servant of Makhleb, Major
Destruction, Greater Servant of Makhleb


You were in the Dungeon.
You worshipped Makhleb.
Makhleb was exalted by your worship.
You visited 1 branch

Inventory:

Hand Weapons
 a - a +0 hand axe
 i - the +∞ Axe of Woe (weapon)
   (You found it in the Dungeon)
Armour
 b - a +0 robe (worn)
Scrolls
 h - a scroll of blinking
Potions
 c - a potion of curing
 d - a potion of heal wounds
 e - a potion of haste
 f - 2 potions of magic
 g - a potion of berserk rage


   Skills:
 O Level 27 Fighting
 O Level 27 Axes
 + Level 24.3(27) Maces & Flails
 + Level 24.2(27) Polearms
 + Level 24.2 Armour
 O Level 27 Dodging
 O Level 27 Stealth
 + Level 25.9 Unarmed Combat
 O Level 27 Spellcasting
 O Level 27 Invocations


You had 76 spell levels left.
You didn't know any spells.
Your spell library was empty.

Dungeon Overview and Level Annotations

Branches:
Dungeon (1/1)

Altars:
Makhleb


Innate Abilities, Weirdness & Mutations

You are very small and have problems with some larger weapons.
You are too small for most types of armour.
You have supernaturally acute eyesight. (SInv)
You cover ground extremely quickly. (Speed+++)


Message History

You have mastered Invocations!
The destroyer shouts!
You slice the bag of meat!!
You butcher the bag of meat messily.
You kill the bag of meat!
Makhleb accepts your kill.
The eight-headed meat hydra appears out of thin air!
An eight-headed meat hydra comes into view.
You hear a shout! x4
The bag of meat is engulfed in blazing flames.
You hear a shout! x4
The meat berserker rages.
The destroyer blinks!
Your Unarmed Combat skill increases to level 25!
Unknown command.
Unknown command.
You hit the bag of meat.
You slaughter the bag of meat joyfully.
You kill the bag of meat!
Makhleb accepts your kill.
You feel better.
You hit the bag of meat but do no damage.
You dissect the bag of meat like a pig carcass.
You kill the bag of meat!
Makhleb accepts your kill.
You hear a shout! x3
The destroyer blinks! x2
You hear a shout! x3
Your base Maces & Flails skill increases to level 24!
Your base Polearms skill increases to level 24!
Your Armour skill increases to level 24!
You have reached level 23!
Unknown command.
Unknown command.
Unknown command.
The destroyer appears out of thin air!
A destroyer comes into view. It is wielding a +9 vorpal great sword.
You hear a shout! x3
The destroyer blinks!
The destroyer hits you with a +9 vorpal great sword!!!!!
Ouch! That really hurt!
You die...

........###......
#........_.........
..... #.....#...D..
......#_.<._#...V..
......#.....#......
#.....O.._.......
..o...§.###..o...
...###.......###.
.. #.§..)@.# .
..#V...))V#....
...O...§§§§.....
.......§))o....#
........§.§§...#..
.....V.....V.##...
...#..§.....#.....
...........#...##
##§#....... ...


You could see an eight-headed meat hydra, 5 destroyers, a large bag of meat
(inner flame), a meat berserker (berserk) and 2 bags of meat.

Vanquished Creatures
  A vampire knight (D)
  5 ogres (D)
  2 two-headed ogres (D)
  29 orcs (D)
37 creatures vanquished.

Notes
Turn   | Place    | Note
-------+----------+-------------------------------------------
     0 | D        | Found the +∞ Axe of Woe
     0 | D        | howech the Spriggan Monk began the quest for the Orb.
     0 | D        | Reached XP level 1. HP: 11/11 MP: 2/2
     3 | D        | Became a worshipper of Makhleb the Destroyer
     3 | D        | Reached * piety under Makhleb
     3 | D        | Reached ** piety under Makhleb
     5 | D        | Noticed a bag of meat
     6 | D        | Noticed a bag of meat
     6 | D        | Noticed a bag of meat
     7 | D        | Noticed a bag of meat
     7 | D        | Noticed a bag of meat
     7 | D        | Noticed a bag of meat
     8 | D        | Noticed a bag of meat
     8 | D        | Noticed a bag of meat
     9 | D        | Noticed a bag of meat
     9 | D        | Noticed a bag of meat
     9 | D        | Noticed a bag of meat
     9 | D        | Noticed a bag of meat
     9 | D        | Noticed a bag of meat
     9 | D        | Noticed a bag of meat
     9 | D        | Noticed a meat berserker
     9 | D        | Noticed a meat berserker
    10 | D        | Noticed a bag of meat
    10 | D        | Noticed a bag of meat
    10 | D        | Noticed a bag of meat
    10 | D        | Noticed a meat berserker
    10 | D        | Noticed a bag of meat
    10 | D        | Noticed a bag of meat
    11 | D        | Killed a bag of meat
    11 | D        | Killed a bag of meat
    11 | D        | Noticed a bag of meat
    11 | D        | Noticed a bag of meat
    11 | D        | Noticed a meat berserker
    11 | D        | Noticed a bag of meat
    12 | D        | Reached XP level 2. HP: 16/16 MP: 3/3
    12 | D        | Reached XP level 3. HP: 19/19 MP: 4/4
    12 | D        | Reached XP level 4. HP: 23/23 MP: 5/5
    12 | D        | Reached XP level 5. HP: 27/27 MP: 6/6
    12 | D        | Reached XP level 6. HP: 32/32 MP: 7/7
    12 | D        | Reached XP level 7. HP: 35/35 MP: 8/8
    12 | D        | Reached XP level 8. HP: 39/39 MP: 9/9
    12 | D        | Reached XP level 9. HP: 43/43 MP: 10/10
    12 | D        | Reached XP level 10. HP: 47/47 MP: 11/11
    12 | D        | Reached XP level 11. HP: 51/51 MP: 12/12
    12 | D        | Reached XP level 12. HP: 56/56 MP: 13/13
    12 | D        | Killed a bag of meat
    12 | D        | Noticed a bag of meat
    12 | D        | Noticed a large bag of meat
    12 | D        | Noticed a bag of meat
    12 | D        | Noticed a bag of meat
    13 | D        | Reached XP level 13. HP: 59/59 MP: 14/14
    13 | D        | Killed a bag of meat
    13 | D        | Reached *** piety under Makhleb
    13 | D        | Noticed a bag of meat
    14 | D        | Reached XP level 14. HP: 63/63 MP: 15/15
    14 | D        | Killed a meat berserker
    14 | D        | Killed a meat berserker
    14 | D        | Noticed a meat berserker
    14 | D        | Noticed a bag of meat
    15 | D        | Reached skill level 27 in Axes
    15 | D        | Reached skill level 27 in Dodging
    15 | D        | Reached XP level 15. HP: 95/95 MP: 16/16
    15 | D        | Reached **** piety under Makhleb
    16 | D        | Reached XP level 16. HP: 105/105 MP: 17/17
    16 | D        | Reached ***** piety under Makhleb
    17 | D        | Reached XP level 17. HP: 119/119 MP: 18/18
    18 | D        | Reached skill level 27 in Fighting
    18 | D        | Reached skill level 27 in Stealth
    19 | D        | Reached skill level 5 in Maces & Flails
    19 | D        | Reached skill level 5 in Polearms
    19 | D        | Reached skill level 5 in Armour
    19 | D        | Reached skill level 5 in Unarmed Combat
    19 | D        | Noticed a large bag of meat
    20 | D        | Reached skill level 10 in Unarmed Combat
    20 | D        | Reached XP level 18. HP: 127/127 MP: 18/37
    20 | D        | Reached ****** piety under Makhleb
    21 | D        | Reached XP level 19. HP: 132/132 MP: 18/40
    21 | D        | Killed a meat berserker
    21 | D        | Killed a meat berserker
    22 | D        | Reached skill level 15 in Maces & Flails
    22 | D        | Reached skill level 15 in Polearms
    22 | D        | Reached skill level 15 in Armour
    22 | D        | Noticed a destroyer
    23 | D        | Reached XP level 20. HP: 137/137 MP: 18/48
    23 | D        | Noticed a destroyer
    24 | D        | Noticed a destroyer
    25 | D        | Killed a large bag of meat
    25 | D        | Killed a meat berserker
    25 | D        | Killed a destroyer
    25 | D        | Killed a large bag of meat
    25 | D        | Noticed a destroyer
    26 | D        | Reached skill level 27 in Spellcasting
    26 | D        | Reached XP level 21. HP: 74/142 MP: 19/53
    26 | D        | Reached XP level 22. HP: 77/148 MP: 19/54
    26 | D        | Noticed a large bag of meat
    27 | D        | Noticed a destroyer
    28 | D        | Reached skill level 27 in Invocations
    30 | D        | Reached XP level 23. HP: 153/153 MP: 20/55
    30 | D        | Slain by a destroyer

Illustrated notes

Levels and vault maps discovered:
D:        meatsprint

Skill      XL: |  1  2  3  4  5  6  7  8  9 10 11 12 13 14 15 16 17 18 19 20 21 22 |
---------------+-------------------------------------------------------------------+-----
Axes           | 22 23 25 27 | 27.0
Dodging        | 22 24 25 27 | 27.0
Fighting       | 18 20 25 27 | 27.0
Stealth        | 14 16 19 27 | 27.0
Maces & Flails | 9 11 16 21 24 | 24.3
Polearms       | 9 11 16 21 24 | 24.2
Armour         | 9 11 16 21 24 | 24.2
Unarmed Combat | 10 12 18 23 25 | 25.9
Spellcasting   | 14 16 23 27 | 27.0
Invocations    | 12 14 20 26 27 | 27.0

Action                   |  1- 3 |  4- 6 |  7- 9 | 10-12 | 13-15 | 16-18 | 19-21 | 22-24 || total
-------------------------+-------+-------+-------+-------+-------+-------+-------+-------++-------
Melee: Broad axe         |     1 |       |       |     1 |     3 |     5 |     5 |     3 ||    18

Table legend: (Time is in decaauts)
 A = Elapsed time spent in this place.
 B = Non-inter-level travel time spent in this place.
 C = Inter-level travel time spent in this place.
 D = Time resting spent in this place.
 E = Time spent auto-exploring this place.
 F = Levels seen in this place.
 G = Mean time per level.
                   A        B        C        D        E       F      G
               +--------+--------+--------+--------+--------+-----+--------+
         Total |     20 |     20 |      0 |      0 |      0 |   1 |   20.0 |
       Dungeon |     20 |     20 |      0 |      0 |      0 |   1 |   20.0 |
               +--------+--------+--------+--------+--------+-----+--------+

Top non-repeatable levels by time:
       D: 20 daAuts
